 Dungeon Crawl Stone Soup version 0.18-a0-659-gb9673d2 (console) character file.

159 bli the Slasher (level 5, -6/41 HPs)
             Began as a Merfolk Wanderer on Dec 5, 2015.
             Was a Follower of Qazlal.
             Killed from afar by Natasha (8 damage)
             ... with a magic dart
             ... on level 4 of the Dungeon.
             The game lasted 00:12:33 (3119 turns).

bli the Slasher (Merfolk Wanderer)                  Turns: 3119, Time: 00:12:33

Health: -6/41      AC:  3    Str: 13    XL:     5   Next: 40%
Magic:  5/5        EV: 14    Int: 10    God:    Qazlal [*.....]
Gold:   163        SH:  1    Dex: 15    Spells: 0 memorised, 4 levels left

rFire  . . .     SeeInvis .     w - +4 spear
rCold  . . .     Clarity  .     d - +0 robe
rNeg   . . .     SustAt   .     (no shield)
rPois  .         Gourm    +     q - +0 helmet
rElec  .         Spirit   .     (no cloak)
rCorr  .         Dismiss  .     (no gloves)
rMut   .         Stasis   .     (no boots)
MR     .....                    n - amulet of the gourmand
Stlth  +++.......               (no ring)
                                r - ring of stealth

@: not resistant to hostile enchantments, fairly stealthy
A: change form in water, swift swim
a: Renounce Religion


You were on level 4 of the Dungeon.
You worshipped Qazlal.
Qazlal was aware of your devotion.
You were completely stuffed.

You visited 1 branch of the dungeon, and saw 4 of its levels.

You collected 163 gold pieces.

Inventory:

Hand Weapons
 a - a +2 falchion
 b - a +0 quarterstaff
 e - a +0 dagger
 v - a +1 short sword of draining
 w - a +4 spear (weapon)
Missiles
 h - 193 stones (quivered)
Armour
 d - a +0 robe (worn)
 q - a +0 helmet (worn)
Jewellery
 n - an amulet of the gourmand (around neck)
 r - a ring of stealth (left hand)
Wands
 s - a wand of lightning (6)
Scrolls
 c - 2 scrolls of teleportation
 g - 3 scrolls of identify {unknown}
 l - a scroll of blinking {unknown}
 u - a scroll of magic mapping {unknown}
 x - a scroll of noise {unknown}
 y - a scroll of amnesia {unknown}
 A - a scroll of recharging {unknown}
Potions
 j - a potion of brilliance {unknown}
 k - 4 potions of curing {unknown}
 m - a potion of haste {unknown}
 p - a potion of degeneration {unknown}
 t - a potion of flight {unknown}
 z - a potion of invisibility {unknown}
Comestibles
 f - 5 bread rations
 i - 3 meat rations
 o - 5 fruits
 B - 3 chunks of flesh


   Skills:
 + Level 3.2 Fighting
 - Level 5.2 Long Blades
 * Level 1.7 Polearms
 + Level 3.9 Dodging
 - Level 2.6 Stealth
   Level 1.0 Shields
 + Level 1.0 Evocations


You had 4 spell levels left.
You didn't know any spells.

Dungeon Overview and Level Annotations

Branches:
Dungeon (4/15)             Temple (0/1) D:4

Altars:
Elyvilon
Qazlal
Ru
Zin
The Shining One

Annotations:
D:4 Natasha


Message History

Natasha is lightly wounded.
Natasha claws you.
You completely miss Natasha.
Natasha is lightly wounded.
Natasha stares at you and mumbles some strange words.
The magic dart hits you!
* * * LOW HITPOINT WARNING * * *
The crimson imp blinks!
You closely miss Natasha.
Natasha is lightly wounded.
Natasha claws you but does no damage.
The crimson imp blinks!
You hit Natasha but do no damage.
Natasha is lightly wounded.
Natasha claws you!
* * * LOW HITPOINT WARNING * * *
You hit Natasha.
Natasha is heavily wounded.
Natasha casts a spell at you. The magic dart hits you!
You die...

############
#..........#
#..........#
#....55....#
######h#####
#@# #.##
##..# #...#
##.#.#####
#..#.....#
#.##...#
###.#...##
####...)...#
#....#.##..#
#......##..#


You could see Natasha and 2 crimson imps.

Vanquished Creatures
  A hound (D:4)
  Robin (D:2)
  2 adders
  2 oozes (D:2)
  6 worms
  A giant gecko (D:2)
  4 orcs
  A ball python (D:1)
  9 bats
  14 goblins
  6 hobgoblins
  7 jackals (D:3)
  8 kobolds
  A quokka (D:3)
  A giant newt (D:3)
  8 rats
72 creatures vanquished.

Notes
Turn   | Place    | Note
--------------------------------------------------------------
     0 | D:1      | bli the Merfolk Wanderer began the quest for the Orb.
     0 | D:1      | bli set off with: a +2 falchion, a +0 quarterstaff, a scroll of teleportation, a +0 robe, a +0 dagger, a bread ration
     0 | D:1      | Reached XP level 1. HP: 16/16 MP: 1/1
    79 | D:1      | Reached XP level 2. HP: 17/23 MP: 2/2
   231 | D:1      | Reached skill level 1 in Dodging
   464 | D:2      | Reached XP level 3. HP: 13/28 MP: 3/3
   707 | D:2      | Reached skill level 5 in Long Blades
  1067 | D:2      | Noticed Robin
  1091 | D:2      | Killed Robin
  1091 | D:2      | Reached XP level 4. HP: 13/34 MP: 4/4
  1093 | D:2      | Upgraded the game from 0.18-a0-640-g2c992fa to 0.18-a0-659-gb9673d2
  1641 | D:2      | Found a sacrificial altar of Ru.
  1653 | D:2      | Became a worshipper of Ru the Awakened
  1760 | D:2      | Found a stormy altar of Qazlal.
  1771 | D:2      | Fell from the grace of Ru
  1771 | D:2      | Became a worshipper of Qazlal Stormbringer
  2228 | D:3      | Found a white marble altar of Elyvilon.
  2228 | D:3      | Found a glowing golden altar of the Shining One.
  2228 | D:3      | Found a glowing silver altar of Zin.
  2761 | D:3      | Reached XP level 5. HP: 41/41 MP: 5/5
  3052 | D:3      | Reached skill level 1 in Polearms
  3068 | D:4      | Found a staircase to the Ecumenical Temple.
  3097 | D:4      | Noticed Natasha
  3114 | D:4      | Reached * piety under Qazlal
  3118 | D:4      | HP: 2/41 [Natasha (8)]
  3119 | D:4      | Killed from afar by Natasha

Vault maps used:
D:1:      minmay_arrival_loop
D:2:      marbit_many_paths, nicolae_qazlal_eye_of_the_storm, first_bread,
          uniq_robin
D:3:      kennysheep_six_static_rooms, good_gods_mini_temple,
          minmay_misc_feat_columns
D:4:      kennysheep_mini, minmay_temple_entry_from_below_b, uniq_blork_the_orc,
          uniq_natasha, uniq_menkaure

Action                   |  1- 3 |  4- 6 || total
-------------------------+-------+-------++-------
Melee: Falchion          |    94 |    55 ||   149
       Spear             |       |    52 ||    52
 Stab: Sleeping          |     3 |    10 ||    13
  Eat: Chunk             |     9 |    12 ||    21
